 Seeded DCSS version 0.30.1-4-g462c640d31 (webtiles) character file.

Game seed: 920673320228942481 (custom seed)

3 CarvArkoylaein the Trooper (level 1, 20/20 HPs)
             Began as a Hill Orc Fighter on Sept 10, 2023.
             Quit the game on level 1 of the Dungeon on Sept 11, 2023.
             The game lasted 00:01:39 (76 turns).

CarvArkoylaein the Trooper (Hill Orc Fighter)         Turns: 76, Time: 00:01:39

Health: 20/20      AC: 10    Str: 27    XL:     1   Next: 50%
Magic:  1/1        EV:  9    Int:  8    God:
Gold:   0          SH:  4    Dex: 10    Spells: 0/0 levels left

rFire   + . .        a - +0 war axe
rCold   + . .        c - +0 buckler
rNeg    . . .        b - +0 scale mail
rPois   .            (no helmet)
rElec   .            (no cloak)
rCorr   .            e - +2 pair of gloves {Str+3}
SInv    .            (no boots)
Will    .....        f - amulet of Imou {Acrobat rF+ rC+} Stlth
                     g - ring "Dailetah" {Str+6 Slay+3}
HPRegen 0.23/turn    (no ring)
MPRegen 0.07/turn

%: acrobat
@: no status effects
A: no striking features
a: no special abilities


You were on level 1 of the Dungeon.
You visited 1 branch of the dungeon, and saw 1 of its levels.

Inventory:

Hand Weapons
 a - a +0 war axe (weapon)
Armour
 b - a +0 scale mail (worn)
 c - a +0 buckler (worn)
 e - a +2 pair of gloves of strength (worn)
Jewellery
 f - the amulet of Imou (around neck) {Acrobat rF+ rC+}
   (You acquired it on level 1 of the Dungeon)

   [amulet of the acrobat]

   It increases your evasion while moving and waiting.
   rF:        It protects you from fire.
   rC:        It protects you from cold.
 g - the ring "Dailetah" (left hand) {Str+6 Slay+3}
   (You acquired it on level 1 of the Dungeon)

   [ring of strength]

   Str:       It affects your strength (+6).
   Slay:      It affects your accuracy & damage with ranged weapons and melee
   (+3).
Potions
 d - a potion of might


   Skills:
 + Level 3.7 Fighting
 + Level 2.7 Axes
 + Level 3.4 Armour
 + Level 3.3 Shields


You couldn't memorise any spells.
You didn't know any spells.
Your spell library was empty.

Dungeon Overview and Level Annotations

Branches:
Dungeon (1/15)

Altars:


Message History

A dart slug comes into view.
The dart slug bites you but does no damage.
You hit the dart slug.
The dart slug is heavily wounded.
The dart slug bites you but does no damage.
You slash the dart slug!
You kill the dart slug!
Found 4 gold pieces.
You open the door.
There is an open door here.
A ball python comes into view.
The ball python hisses angrily.
You slash the ball python!
You kill the ball python!
You open the door.
Found 13 gold pieces.
Found 3 scrolls labelled NOEDYA EDEF.
There is an open door here.
Found a stone staircase leading down.
Found a hand axe.
e - 3 scrolls labelled NOEDYA EDEF This is a scroll of acquirement!
Something appears at your feet! Something appears at your feet!
Something appears at your feet!
e - a +2 pair of gloves of strength
f - the amulet of Imou {Acrobat rF+ rC+}
g - the ring "Dailetah" {Str+6 Slay+3} You start putting on your armour.
You continue putting on your +2 pair of gloves of strength. x4
You finish putting on your +2 pair of gloves of strength.
You feel stronger.
You feel stronger.
g - the ring "Dailetah" (left hand) {Str+6 Slay+3} You start putting on your amulet.
You continue putting on the amulet of Imou {Acrobat rF+ rC+}. x5
You finish putting on the amulet of Imou {Acrobat rF+ rC+}.
You feel ready to tumble and roll out of harm's way.
f - the amulet of Imou (around neck) {Acrobat rF+ rC+} Are you sure you want to abandon this character and quit the game? (Confirm with "yes".)

##### ... #... ..#.
#... ....## #.. #....
... ...###.# #...#.#
##+#$#.#@#####.
#######
#....#.........)
......#
#.....#.######.#
...##.#.#...#....#
....#.#.##'#####..#
......#. #.######..#
....###.##........>#
###.###....†.........
#.#.....###########


There were no monsters in sight!

Vanquished Creatures
  A dart slug (D:1)
  A ball python (D:1)
2 creatures vanquished.

Notes
Turn   | Place    | Note
-------+----------+-------------------------------------------
     0 | D:1      | CarvArkoylaein the Hill Orc Fighter began the quest for the
                  | Orb.
     0 | D:1      | Reached XP level 1. HP: 19/19 MP: 1/1
    61 | D:1      | Identified 3 scrolls of acquirement
    61 | D:1      | Acquired a +2 pair of gloves of strength
    62 | D:1      | Acquired the ring "Dailetah" {Str+6 Slay+3}
    63 | D:1      | Acquired the amulet of Imou {Acrobat rF+ rC+}
    76 | D:1      | Quit the game

Illustrated notes

Levels and vault maps discovered:
D:1:      dpeg_arrival_orchard, layout_basic

Action                     || total
---------------------------++-------
  Melee: War axe           ||     3
    Use: Scroll            ||     3
 Armour: Scale mail        ||     2
